Map: Abyssal Reef LE

Players

Elazer - Winner!

  • Race: Zerg Zerg
  • Spawn Location: 11:00

MaSa

  • Race: Terran Terran
  • Spawn Location: 5:00

Event: WCS Montreal 2017

VOD

Have the link to the VOD?

Description

Time

  • Played on: Sept. 9, 2017, 1:03 p.m.
  • Length: 12:12

All games in this series

Show
View Real Time Build Order
Export as new Build Order

Elazer Zerg - Winner!

Build Orders: Hatch First 

Get SALT Encoding   

  12  0:00  Drone  
  13  0:12  Overlord  
  13  0:17  Drone  
  14  0:31  Drone x2  
  14  0:34  Drone  
  17  0:52  Hatchery  
  17  0:54  Drone  
  17  0:58  Drone  
  18  1:08  Extractor  
  17  1:12  Spawning Pool  
  17  1:15  Drone  
  17  1:18  Drone  
  18  1:28  Drone  
  19  1:39  Overlord  
  19  1:49  Drone  
  20  1:58  Queen  
  20  2:00  Zergling x2  
  23  2:03  Queen  
  23  2:04  Zergling x2  
  23  2:07  Metabolic Boost  
  26  2:24  Hatchery  
  26  2:28  Drone  
  26  2:29  Drone  
  27  2:33  Drone  
  27  2:35  Drone  
  29  2:43  Queen  
  31  2:49  Drone  
  32  2:51  Drone  
  32  2:54  Overlord  
  32  2:58  Drone  
  34  3:00  Drone  
  34  3:02  Drone  
  36  3:12  Queen  
  36  3:14  Drone x2  
  36  3:18  Overlord  
  40  3:21  Drone  
  40  3:23  Drone  
  43  3:27  Drone x2  
  44  3:35  Queen, Evolution Chamber  
  45  3:41  Overlord  
  45  3:42  Drone  
  45  3:46  Drone x2  
  48  3:49  Drone x2  
  48  3:54  Queen  
  51  3:58  Zergling x4  
  53  4:03  Zerg Ground Armor Level 1  
  53  4:06  Zergling x4  
  53  4:09  Drone  
  56  4:21  Overlord  
  56  4:22  Zergling x6  
  56  4:24  Zergling x10  
  60  4:28  Zergling x4  
  65  4:37  Overlord  
  64  4:39  Zergling x8  
  64  4:43  Zergling x2  
  64  4:44  Zergling x2  
  70  4:52  Zergling x6  
  73  4:57  Overlord  
  73  5:04  Overlord  
  68  5:16  Zergling x4  
  68  5:17  Zergling x6  
  68  5:19  Zergling x2  
  68  5:20  Zergling x10  
  69  5:21  Queen  
  69  5:25  Zergling x2  
  69  5:31  Zergling x4  
  69  5:34  Lair  
  65  5:37  Overlord  
  65  5:39  Overlord  
  65  5:40  Overlord  
  64  5:44  Drone  
  64  5:48  Drone  
  65  5:51  Drone  
  65  5:55  Drone x3  
  65  5:56  Spore Crawler, Drone  
  67  6:02  Drone x2  
  67  6:04  Drone  
  67  6:07  Spore Crawler  
  67  6:10  Overlord  
  66  6:13  Zerg Melee Weapons Level 1  
  66  6:16  Extractor  
  66  6:17  Overlord  
  65  6:18  Queen  
  65  6:19  Evolution Chamber  
  65  6:20  Zergling x2  
  62  6:26  Overlord  
  62  6:27  Drone x2  
  62  6:28  Drone  
  62  6:30  Drone  
  66  6:36  Drone x3  
  69  6:42  Drone  
  69  6:44  Overlord  
  69  6:47  Drone x2  
  69  6:48  Drone  
  69  6:50  Drone  
  69  6:53  Drone  
  75  6:54  Drone  
  75  6:56  Drone x2  
  75  6:58  Drone  
  75  6:59  Drone  
  79  7:01  Overlord  
  79  7:04  Drone x2  
  79  7:06  Drone  
  82  7:08  Drone x2  
  82  7:09  Drone  
  82  7:12  Overlord  
  82  7:13  Drone  
  86  7:22  Overlord  
  83  7:23  Hydralisk Den, Extractor, Drone x2  
  83  7:26  Zerg Ground Armor Level 2  
  83  7:27  Extractor  
  83  7:29  Extractor x2  
  80  7:30  Spore Crawler  
  80  7:34  Overlord  
  79  7:37  Queen, Baneling Nest  
  79  7:42  Overlord  
  79  7:43  Spine Crawler  
  79  7:47  Overlord  
  79  7:50  Drone x2  
  80  7:52  Muscular Augments  
  80  7:53  Overlord  
  80  7:57  Hydralisk  
  82  7:59  Overlord  
  82  8:04  Drone x7  
  89  8:13  Drone x2  
  89  8:14  Drone  
  90  8:23  Drone  
  90  8:24  Drone  
  88  8:35  Hydralisk  
  88  8:36  Hydralisk x5  
  88  8:37  Hatchery  
  88  8:40  Zerg Missile Weapons Level 1  
  99  8:46  Hydralisk x3  
  105  8:52  Hydralisk x2  
  109  8:56  Baneling x5  
  109  8:57  Baneling  
  109  8:59  Zergling x2  
  109  9:00  Zergling x6  
  111  9:05  Overlord  
  111  9:08  Centrifical Hooks  
  111  9:09  Hydralisk x2  
  110  9:14  Drone x3  
  110  9:16  Drone x2  
  119  9:20  Overlord  
  119  9:21  Drone x2  
  121  9:28  Hydralisk  
  121  9:29  Hydralisk x2  
  127  9:33  Hydralisk  
  127  9:34  Hydralisk  
  127  9:37  Hydralisk  
  131  9:43  Hydralisk x3  
  136  9:47  Hydralisk  
  136  9:57  Hydralisk x5  
  139  10:04  Hydralisk x3  
  140  10:10  Hydralisk  
  140  10:11  Hydralisk  
  144  10:18  Hydralisk x3  
  148  10:23  Hydralisk  
  145  10:30  Hydralisk  
  145  10:31  Hydralisk x2  
  145  10:34  Zergling x16  
  153  10:37  Zergling x6  
  153  10:42  Zergling x14  
  163  10:49  Zergling x4  
  165  10:53  Zergling x4  
  166  11:00  Zergling x10  
  166  11:04  Hatchery  
  167  11:13  Zergling x10  
  171  11:18  Zergling x2  
  171  11:19  Zergling x14, Baneling  
  171  11:20  Baneling x10  
  174  11:26  Zergling x6  
  174  11:29  Baneling  
  174  11:32  Baneling x4  
  174  11:33  Baneling x7  
  174  11:36  Zergling x8  
  174  11:41  Zergling x2  
  174  11:42  Zergling x6  
  176  11:47  Baneling  
  176  11:48  Baneling x8  
Show
View Real Time Build Order
Export as new Build Order

MaSa Terran 

Build Orders: Gas First Reaper Expand, Reaper Expand, Mech 

Get SALT Encoding   

  12  0:00  SCV  
  13  0:12  SCV  
  14  0:17  Supply Depot  
  14  0:25  SCV  
  14  0:27  Refinery  
  15  0:38  SCV  
  16  0:44  Barracks  
  16  0:50  SCV  
  17  1:03  SCV  
  18  1:15  SCV  
  19  1:31  Orbital Command, Reaper  
  20  1:43  Command Center  
  20  1:54  Factory  
  20  1:57  SCV  
  21  2:03  Refinery  
  21  2:05  Barracks Reactor  
  21  2:09  SCV  
  22  2:15  Supply Depot  
  22  2:21  SCV  
  23  2:37  SCV  
  23  2:42  Starport  
  23  2:43  Factory Tech Lab  
  24  2:46  Marine x2  
  24  2:49  SCV  
  27  2:55  Orbital Command  
  27  3:01  SCV  
  27  3:04  Marine x2  
  30  3:12  Siege Tank  
  33  3:13  SCV  
  34  3:22  Marine x2  
  34  3:23  Medivac  
  34  3:25  SCV  
  39  3:32  SCV  
  40  3:34  Supply Depot  
  40  3:37  SCV  
  40  3:39  Marine x2  
  43  3:44  Siege Tank  
  46  3:50  Supply Depot  
  46  3:56  SCV x2  
  46  3:59  Marine x2  
  46  4:02  Medivac  
  52  4:06  Supply Depot  
  52  4:08  SCV  
  53  4:10  SCV  
  54  4:20  SCV  
  54  4:22  Liberator  
  55  4:25  SCV  
  55  4:30  Bunker  
  56  4:34  Hellion x2  
  56  4:36  SCV  
  56  4:38  SCV  
  62  4:39  Refinery  
  65  4:47  Supply Depot  
  65  4:48  SCV  
  65  4:50  Marine, SCV  
  67  4:55  Hellion  
  69  5:01  SCV  
  69  5:02  Supply Depot  
  70  5:08  SCV, Hellion  
  70  5:13  SCV  
  69  5:17  Hellion  
  69  5:20  SCV  
  60  5:25  SCV  
  58  5:30  Hellion  
  58  5:32  SCV  
  56  5:38  Hellion  
  56  5:41  SCV  
  59  5:44  Command Center  
  59  5:47  SCV  
  54  5:51  Hellion  
  54  5:53  SCV  
  54  5:59  SCV  
  54  6:01  Hellion  
  52  6:05  SCV  
  52  6:11  SCV  
  54  6:13  Hellion  
  54  6:17  SCV  
  56  6:19  Factory  
  56  6:23  SCV  
  56  6:24  Starport Reactor, Hellion  
  59  6:29  SCV  
  60  6:35  SCV  
  60  6:37  Armory  
  60  6:38  Armory  
  61  6:41  SCV  
  61  6:44  Hellion  
  61  6:45  Hellion  
  66  6:47  SCV  
  66  6:53  SCV  
  65  6:56  Refinery  
  65  6:59  SCV  
  66  7:04  Barracks Tech Lab  
  66  7:05  Factory, SCV  
  66  7:06  Hellion  
  69  7:10  Hellion  
  69  7:11  SCV  
  69  7:13  Orbital Command  
  72  7:17  SCV  
  73  7:23  SCV  
  73  7:29  Hellion  
  77  7:30  SCV  
  77  7:34  Terran Vehicle And Ship Armor Level 1, Terran Vehicle Weapons Level 1  
  77  7:35  SCV  
  77  7:36  Hellion, Engineering Bay  
  80  7:43  Thor  
  86  7:47  SCV  
  86  7:48  SCV  
  86  7:49  Orbital Command  
  88  7:55  Refinery x2  
  88  7:59  SCV, Hellion  
  88  8:01  SCV  
  92  8:12  SCV  
  93  8:13  Hellion  
  93  8:14  Thor  
  101  8:20  Medivac  
  101  8:24  Medivac, SCV  
  101  8:25  SCV  
  93  8:27  SCV  
  93  8:28  Hellion  
  93  8:31  Barracks Reactor  
  93  8:33  Infernal Pre-Igniter  
  96  8:36  Factory x2, SCV  
  96  8:38  Supply Depot  
  96  8:40  SCV  
  98  8:43  Hellion  
  100  8:49  SCV  
  100  8:51  Supply Depot  
  100  8:54  Supply Depot  
  101  8:59  Siege Tank x2, SCV x2  
  109  9:06  SCV  
  109  9:13  SCV x2  
  109  9:14  Supply Depot  
  111  9:17  Supply Depot, Hellion x2  
  111  9:18  SCV  
  111  9:23  Factory Tech Lab  
  116  9:25  Viking x2, SCV  
  116  9:26  SCV  
  116  9:30  Supply Depot, SCV  
  123  9:37  Terran Vehicle Weapons Level 2, Terran Vehicle And Ship Armor Level 2, SCV  
  124  9:39  Hellion  
  124  9:43  SCV  
  124  9:45  SCV  
  128  9:47  Supply Depot  
  128  9:49  Supply Depot  
  128  9:55  SCV  
  129  10:02  SCV  
  129  10:04  Siege Tank, Hellion x4  
  129  10:06  SCV  
  134  10:12  SCV  
  135  10:17  Supply Depot x2  
  135  10:19  Hellion  
  135  10:20  Siege Tank  
  135  10:21  Viking  
  130  10:31  Hellion x2  
  126  10:36  Siege Tank  
  126  10:38  Viking  
  126  10:41  Command Center  
  126  10:42  Liberator  
  127  10:51  Liberator  
  127  10:52  Hellion x2, Refinery  
  127  10:57  Refinery  
  131  10:58  Sensor Tower  
  134  11:06  Siege Tank, Hellion x2  
  134  11:07  Siege Tank  
  142  11:13  Hellion  
  142  11:17  Hellion  
  134  11:27  Hellion  
  134  11:28  Hellion x2  
  140  11:34  Siege Tank  
  140  11:38  Siege Tank, Hellion  
  140  11:39  Hellion  
  136  11:49  Hellion x3  
Tags
 
Add a new tag
Caveats
  • Supply blocks, unpowered buildings, or Contaminate may cause inaccurate times.
  • Supply counts are checked every 10 seconds.